 Dungeon Crawl Stone Soup version 0.30-a0-360-g447f08457e (webtiles) character file.

Game seed: 12305013082305927021

32005 lesbiats the Brawler (level 13, -10/131 HPs)
             Began as a Troll Fighter on Nov 14, 2022.
             Was a High Priest of Wu Jian.
             Mangled by a sixfirhy (12 damage)
             ... summoned by an orc high priest
             ... on level 2 of the Orcish Mines.
             The game lasted 01:09:22 (13159 turns).

lesbiats the Brawler (Troll Fighter)               Turns: 13159, Time: 01:09:22

Health: -10/131    AC: 12    Str: 27    XL:     13   Next: 29%
Magic:  12/12      EV: 24    Int:  8    God:    Wu Jian [*****.]
Gold:   860        SH: 10    Dex:  9    Spells: 12/12 levels left

rFire   . . .      SeeInvis .      - Unarmed
rCold   . . .      Faith    .    b - +0 kite shield
rNeg    . . .      Spirit   .    y - +0 steam dragon scales
rPois   .          Reflect  .    V - +2 hat
rElec   .          Harm     .    t - +2 cloak {rCorr}
rCorr   +          Rampage  .    (gloves unavailable)
Will    .....                    (boots unavailable)
Stlth   +.........               (no amulet)
HPRegen 1.21/turn                m - +4 ring of slaying
MPRegen 0.13/turn                E - +4 ring of slaying

@: in a heavenly storm, glowing
A: large, unfitting armour, claws 3, regeneration 1, shaggy fur 1, tough skin 1
a: Renounce Religion, Wall Jump, Serpent's Lash, Heavenly Storm


You were on level 2 of the Orcish Mines.
You worshipped Wu Jian.
Wu Jian was extremely pleased with you.
You visited 4 branches of the dungeon, and saw 16 of its levels.
You also visited: Ossuary.

You collected 1070 gold pieces.
You spent 210 gold pieces at shops.

Inventory:

Missiles
 a - 3 boomerangs of dispersal
 c - a silver boomerang
 i - 8 boomerangs (quivered)
 x - a curare-tipped dart
 F - 19 poisoned darts
Armour
 b - a +0 kite shield (worn)
 t - a +2 cloak of preservation (worn)
 y - +0 steam dragon scales (worn)
 T - a +2 robe of cold resistance
 U - a +2 robe of cold resistance
 V - a +2 hat (worn)
 W - a +2 robe of positive energy
Jewellery
 m - a +4 ring of slaying (left claw)
 w - a ring of see invisible
 E - a +4 ring of slaying (right claw)
 K - a +6 ring of dexterity
 S - a ring of ice
Wands
 p - a wand of flame (23)
 u - a wand of polymorph (9)
 H - a wand of quicksilver (2)
 I - a wand of iceblast (5)
 O - a wand of digging (15)
 R - a wand of charming (4)
Scrolls
 d - 3 scrolls of immolation
 e - 3 scrolls of enchant weapon
 g - 5 scrolls of teleportation
 h - 4 scrolls of amnesia
 k - 2 scrolls of summoning
 n - 3 scrolls of blinking
 o - 2 scrolls of brand weapon
 r - 3 scrolls of vulnerability
 v - a scroll of fog
 z - 2 scrolls of poison
 D - 2 scrolls of fear
 G - a scroll of magic mapping {unknown}
 P - a scroll of noise {unknown}
Potions
 f - 7 potions of curing
 j - 3 potions of degeneration
 l - 2 potions of ambrosia
 q - a potion of haste
 s - a potion of berserk rage
 A - 2 potions of invisibility {unknown}
 B - a potion of magic
 C - 3 potions of flight {unknown}
 M - a potion of cancellation {unknown}
 N - a potion of mutation {unknown}
 Q - a potion of heal wounds {unknown}
Miscellaneous
 J - a piece from Xom's chessboard (15/15)
 L - a phantom mirror


   Skills:
 + Level 9.4 Fighting
 + Level 7.8 Dodging
 + Level 10.2 Shields
 * Level 15.1 Unarmed Combat


You had 12 spell levels left.
You didn't know any spells.
Your spell library contained the following spells:

 Spells                   Type           Power      Damage    Failure   Level
 Shock                    Conj/Air       0%         1d3       63%         1
 Cigotuvi's Dreadful Rot  Necr/Pois/Air  0%         N/A       77%         2
 Ensorcelled Hibernation  Hex/Ice        0%         N/A       77%         2
 Hailstorm                Conj/Ice       0%         3d3       94%         3
 Ignite Poison            Fire/Tmut/Pois 0%         N/A       94%         3
 Inner Flame              Hex/Fire       0%         N/A       94%         3
 Ozocubu's Armour         Ice            0%         N/A       94%         3
 Spider Form              Tmut/Pois      0%         N/A       94%         3
 Swiftness                Air            0%         N/A       94%         3
 Tukima's Dance           Hex            0%         N/A       94%         3
 Airstrike                Air            0%         2d(0-16)  100%        4
 Anguish                  Hex/Necr       0%         N/A       100%        4
 Cause Fear               Hex            0%         N/A       100%        4
 Dispel Undead            Necr           0%         3d6       100%        4
 Flame Wave               Conj/Fire      0%         2d4       100%        4
 Ice Form                 Ice/Tmut       0%         N/A       100%        4
 Passage of Golubria      Tloc           0%         N/A       100%        4
 Sticky Flame             Conj/Fire      0%         2d3       100%        4
 Yara's Violent Unravell  Hex/Tmut       0%         3d3       100%        5
 Death Channel            Necr           0%         N/A       100%        6
 Simulacrum               Ice/Necr       0%         N/A       100%        6
 Dragon Form              Tmut           0%         N/A       100%        7
 Ozocubu's Refrigeration  Ice            0%         4d7       100%        7
 Ignition                 Fire           0%         3d3       100%        8
 Dragon's Call            Summ           0%         N/A       100%        9


Dungeon Overview and Level Annotations

Branches:
Dungeon (10/15)            Temple (1/1) D:4            Lair (3/5) D:10
 Spider (0/4) Lair:2          Orc (2/2) D:10            Elf (0/3) Orc:2
Ossuary (visited)
  Swamp: Lair:2-3    Shoals: Lair:2-3

Altars:
Ashenzari
Cheibriados
Dithmenos
Elyvilon
Fedhas
Gozag
Hepliaklqana
Kikubaaqudgha
Makhleb
Nemelex Xobeh
Okawaru
Qazlal
Ru
Sif Muna
Trog
Uskayaw
Vehumet
Wu Jian
Xom
Yredelemnul
Zin
The Shining One

Shops:
D:1 (   Orc:1 [

Portals:
Gauntlet: Orc:2


Innate Abilities, Weirdness & Mutations

You are too large for most types of armour.
You have claws for hands.
Your natural rate of healing is unusually fast.
You are covered in fur. (AC +1)
You have tough skin. (AC +1)


Message History

You spin and attack the sixfirhy.
You mangle the sixfirhy!!
The sixfirhy is heavily wounded.
You spin and attack the orc high priest.
You completely miss the orc high priest.
You block the sixfirhy's attack. The sixfirhy barely misses you.
The sixfirhy hits you. The sixfirhy shocks you!
The orc high priest hits you but does no damage.
The sixfirhy hits you! The sixfirhy shocks you!
* * * LOW HITPOINT WARNING * * *
Things that are here:
a +0 dagger; a +0 robe; an orc corpse You feel better.
You block the orc knight's attack.
The orc high priest prays to Beogh. x2
You spin and attack the sixfirhy.
You barely miss the sixfirhy.
The sixfirhy is heavily wounded.
You block the orc high priest's attack.
Things that are here:
a +0 dagger; a +0 leather armour You mangle the neqoxec!!
The neqoxec is almost dead.
The sixfirhy hits you. The sixfirhy shocks you!
* * * LOW HITPOINT WARNING * * *
The orc high priest hits you from afar with a +0 halberd.
* * * LOW HITPOINT WARNING * * *
The orc priest calls down the wrath of Beogh upon you.
Beogh smites you!
* * * LOW HITPOINT WARNING * * *
The orc knight completely misses you.
You eviscerate the neqoxec!!!
You kill the neqoxec!
The neqoxec disappears in a puff of smoke!
The sixfirhy completely misses you.
The sixfirhy hits you but does no damage.
You block the sixfirhy's attack. You block the orc priest's attack.
The orc high priest hits you from afar with a +0 halberd!
* * * LOW HITPOINT WARNING * * *
The sixfirhy hits you.
* * * LOW HITPOINT WARNING * * *
The sixfirhy shocks you!
You die...

..# #§§§§.####
.☼###§☼☼☼....##
.§☼§☼§§☼§.....###
.§§☼§☼#§§...)...##
.§§§☼##☼§☼☼...).☼##
§#§§§§.§#####..)☼.##
☼§§☼.....######§§☼§#
§§.....####.. ##§§§#
§☼..####..÷.÷.##@o☼#
☼☼.§# ÷.o.÷☼#o3§##
§..## .÷..÷○44oo#
)..# o.°..§§3§##
...# o...÷☼§☼## ...#
o...÷§§☼# ....#
......### ..#..#
....÷# .#....# #####


You could see an orc knight, 2 orc high priests, 2 hellwings, a sixfirhy
(summoned) and an orc priest.

Vanquished Creatures
  An orc warlord (Orc:2)
  Fannar (Lair:3)
  A boulder beetle (Lair:1)
  3 two-headed ogres
  An orc high priest (Orc:2)
  3 orc knights
  9 orc sorcerers
  A torpor snail (Lair:2)
  3 cane toads
  2 kobold demonologists (D:10)
  A rime drake (Lair:2)
  6 komodo dragons
  3 trolls
  2 polar bears (Lair:2)
  10 blink frogs (Lair:1)
  A shadow (D:8)
  21 yaks
  4 wyverns
  3 basilisks
  2 steam dragons (D:6)
  3 wargs
  A swamp worm (Lair:3)
  An acid dragon (D:10)
  Duvessa (D:4)
  5 water moccasins
  2 ice beasts (D:7)
  31 orc warriors
  12 ogres
  4 black bears
  4 centaurs
  A phantom (D:5)
  2 kobold brigands
  6 bullfrogs
  A necrophage (D:6)
  10 scorpions
  12 wights
  3 water moccasin zombies (Ossuary)
  Dowan (D:4)
  17 killer bees
  7 howler monkeys
  An electric eel (Lair:2)
  3 hounds
  4 jellies
  A gnoll bouda (D:6)
  21 orc priests
  Crazy Yiuf (D:4)
  4 iguanas
  Ijyb (D:3)
  Natasha (thrice) (D:4)
  26 orc wizards
  2 mummies (Ossuary)
  6 gnolls
  6 adders
  2 white imps (D:5)
  4 ufetubi
  A worm zombie (D:7)
  2 adder zombies (Ossuary)
  6 worms
  6 dart slugs
  94 orcs
  7 bats
  14 endoplasms
  3 giant cockroaches
  5 goblins
  8 hobgoblins
  4 jackals
  17 kobolds
  8 quokkas
  5 ball pythons
  13 frilled lizards
  4 gnoll zombies (Ossuary)
  7 hobgoblin zombies (Ossuary)
  3 kobold zombies (Ossuary)
  6 orc zombies (Ossuary)
  6 rats
506 creatures vanquished.

Vanquished Creatures (collateral kills)
  A hydra (Lair:2)
1 creature vanquished.

Vanquished Creatures (others)
  12 fungi
  38 plants
50 creatures vanquished.

Grand Total: 557 creatures vanquished

Notes
Turn   | Place    | Note
-------+----------+-------------------------------------------
     0 | D:1      | lesbiats the Troll Fighter began the quest for the Orb.
     0 | D:1      | Reached XP level 1. HP: 22/22 MP: 0/0
   101 | D:1      | Found Vuaf's Antique Weapon Emporium.
   140 | D:1      | Reached XP level 2. HP: 29/29 MP: 1/1
   347 | D:1      | Reached XP level 3. HP: 35/36 MP: 2/2
   383 | D:1      | Reached skill level 3 in Unarmed Combat
   606 | D:2      | Found a faded altar of an unknown god.
   667 | D:2      | Found a glowing golden altar of the Shining One.
  1075 | D:2      | Reached XP level 4. HP: 44/44 MP: 3/3
  1575 | D:3      | Found a sparkling altar of Nemelex Xobeh.
  1960 | D:4      | Reached skill level 4 in Unarmed Combat
  1960 | D:4      | Reached XP level 5. HP: 22/53 MP: 4/4
  2230 | D:4      | Noticed Ijyb
  2230 | D:4      | Noticed an ogre
  2239 | D:3      | Killed Ijyb
  2265 | D:3      | Killed an ogre
  2266 | D:3      | Reached XP level 6. HP: 33/61 MP: 5/5
  2423 | D:4      | Reached skill level 5 in Unarmed Combat
  2560 | D:4      | Reached XP level 7. HP: 62/68 MP: 6/6
  2870 | D:4      | Noticed Duvessa
  2871 | D:4      | Noticed Dowan
  2897 | D:4      | Killed Duvessa
  2898 | D:4      | Reached skill level 6 in Unarmed Combat
  2907 | D:4      | Killed Dowan
  3036 | D:4      | Found a runed translucent door.
  3037 | D:4      | Noticed Crazy Yiuf
  3049 | D:4      | Killed Crazy Yiuf
  3050 | D:4      | Reached XP level 8. HP: 47/79 MP: 5/7
  3134 | D:4      | Found a shimmering blue altar of Sif Muna.
  3195 | D:4      | Noticed Natasha
  3196 | D:4      | Found a staircase to the Ecumenical Temple.
  3200 | D:4      | Killed Natasha
  3201 | D:4      | Reached skill level 5 in Shields
  3215 | Temple   | Entered the Ecumenical Temple
  3234 | Temple   | Became a worshipper of the Wu Jian Council
  3582 | D:4      | Noticed Natasha
  3585 | D:4      | Killed Natasha
  3586 | D:4      | Reached skill level 7 in Unarmed Combat
  3734 | D:4      | Noticed Natasha
  3749 | D:4      | Killed Natasha
  3766 | D:5      | Entered Level 5 of the Dungeon
  3996 | D:5      | Reached skill level 5 in Fighting
  4000 | D:5      | Reached * piety under Wu Jian
  4126 | D:5      | Found a bloodstained altar of Trog.
  4183 | D:5      | Reached skill level 8 in Unarmed Combat
  4493 | D:5      | Found a stormy altar of Qazlal.
  4795 | D:6      | Noticed a two-headed ogre
  4832 | D:6      | Killed a two-headed ogre
  4833 | D:6      | Reached skill level 9 in Unarmed Combat
  4833 | D:6      | Reached XP level 9. HP: 66/89 MP: 8/8
  5317 | D:6      | Reached skill level 10 in Unarmed Combat
  5321 | D:6      | Reached ** piety under Wu Jian
  5732 | D:7      | Reached XP level 10. HP: 78/100 MP: 9/9
  5881 | D:7      | Found a sand-covered staircase.
  5893 | Ossuary  | Entered an ossuary
  6656 | D:7      | Reached *** piety under Wu Jian
  6837 | D:8      | Found a burning altar of Makhleb.
  7332 | D:8      | Noticed a two-headed ogre
  7350 | D:8      | Killed a two-headed ogre
  7430 | D:8      | Reached skill level 11 in Unarmed Combat
  8172 | D:9      | Reached **** piety under Wu Jian
  8265 | D:9      | Reached XP level 11. HP: 109/109 MP: 10/10
  8337 | D:9      | Reached skill level 5 in Dodging
  8393 | D:9      | Found a glowing silver altar of Zin.
  8842 | D:10     | Entered Level 10 of the Dungeon
  8846 | D:10     | Noticed a two-headed ogre
  8925 | D:10     | Killed a two-headed ogre
  8926 | D:10     | Reached skill level 12 in Unarmed Combat
  9016 | D:10     | Found a staircase to the Lair.
  9114 | D:10     | Found a staircase to the Orcish Mines.
  9796 | Lair:1   | Entered Level 1 of the Lair of Beasts
 10447 | Lair:1   | Noticed a boulder beetle
 10465 | Lair:1   | Killed a boulder beetle
 10466 | Lair:1   | Reached skill level 13 in Unarmed Combat
 10484 | Lair:1   | Reached ***** piety under Wu Jian
 10953 | Lair:2   | Noticed an eight-headed hydra
 11013 | Lair:2   | Killed an eight-headed hydra
 11014 | Lair:2   | Reached XP level 12. HP: 78/120 MP: 11/11
 11357 | Lair:2   | Found a hole to the Spider Nest.
 12113 | Lair:3   | Noticed a six-headed hydra
 12225 | Lair:3   | Noticed Fannar
 12245 | Lair:3   | Killed Fannar
 12246 | Lair:3   | Reached skill level 14 in Unarmed Combat
 12320 | Orc:1    | Entered Level 1 of the Orcish Mines
 12320 | Orc:1    | Found Nool's Antique Armour Emporium.
 12542 | Orc:1    | Bought an embroidered hat for 210 gold pieces
 13010 | Orc:2    | Entered Level 2 of the Orcish Mines
 13010 | Orc:2    | Found a gate leading to a gauntlet.
 13063 | Orc:2    | Reached skill level 10 in Shields
 13063 | Orc:2    | Reached XP level 13. HP: 131/131 MP: 12/12
 13064 | Orc:2    | Noticed an orc warlord
 13073 | Orc:2    | Killed an orc warlord
 13114 | Orc:2    | Found a staircase to the Elven Halls.
 13140 | Orc:2    | Reached skill level 15 in Unarmed Combat
 13149 | Orc:2    | Paralysed by an orc sorcerer for 2 turns
 13159 | Orc:2    | HP: 4/131 [orc high priest/+0 halberd (17)]
 13159 | Orc:2    | Mangled by a sixfirhy

Illustrated notes

Levels and vault maps discovered:
D:1:      noname_arrival_rooms_in_the_neighbourhood, layout_basic, serial_shops,
          shop, serial_bayou_pond_b, minmay_hexomino_f4
D:2:      layout_basic, basic_altar, ebering_ecumenical_altar_hall
D:3:      layout_loops_ring, nemelex_spade_bored_becter, minmay_lizard_king
D:4:      layout_loops_ring, lemuel_blue_sif_altar, minmay_temple_entry_wispy,
          minmay_quadrilaterals, uniq_natasha, uniq_ijyb,
          uniq_crazy_yiuf_cottage, uniq_duvessa
D:5:      layout_loops_ring, nicolae_overflow_hidden_temple
D:6:      layout_gridville
D:7:      layout_loops_cross, enter_ossuary_3, nicolae_hexahallways,
          minmay_misc_feat_encased, moated_statue, minmay_misc_feat_x
D:8:      layout_layer_cave, mainiacjoe_overflow_boulevard
D:9:      layout_cave_pods, kennysheep_mini
D:10:     layout_gridville, david_lair_shrubbed, david_orc_2
Temple:   nicolae_temple_elliptical
Lair:1:   layout_gridlike, guppyfry_lair_drakes, infiniplex_staircase_pool
Lair:2:   layout_gridlike, nicolae_spider_entry_non_spiders
Lair:3:   layout_gridlike, palyth_hydra_swamp_entry, ebering_ghost_inner_flame,
          uniq_fannar
Orc:1:    layout_caves, serial_shops, shop, nicolae_orc_stony_grotto
Orc:2:    grunt_orc_tribal_feast, layout_caves, gauntlet_entry_generic

Skill      XL: |  1  2  3  4  5  6  7  8  9 10 11 12 13 |
---------------+----------------------------------------+-----
Shields        | 3 4 6 7 9 10 | 10.2
Unarmed Combat | 3 4 5 6 9 10 11 13 14 15 | 15.1
Fighting       | 3 4 5 6 7 8 9 |  9.4
Dodging        | 3 4 6 7 |  7.8

Action                   |  1- 3 |  4- 6 |  7- 9 | 10-12 | 13-15 || total
-------------------------+-------+-------+-------+-------+-------++-------
Melee: Unarmed           |   133 |   112 |   258 |   663 |   119 ||  1285
Throw: Dart              |       |       |       |    13 |       ||    13
       Throwing net      |       |       |       |     1 |       ||     1
       Boomerang         |       |       |       |    19 |       ||    19
Invok: Lunge             |       |       |    18 |    65 |    17 ||   100
       Whirlwind         |       |       |    32 |   253 |    87 ||   372
       Heavenly Storm    |       |       |       |     2 |       ||     2
 Abil: Wall Jump         |       |       |       |     5 |       ||     5
Evoke: Wand              |       |     1 |    11 |    14 |       ||    26
       Phantom mirror    |       |       |       |     1 |       ||     1
  Use: Scroll            |     5 |     2 |     5 |    10 |       ||    22
       Potion            |       |       |     1 |     7 |     2 ||    10
 Stab: Sleeping          |     1 |       |       |       |       ||     1
       Distracted        |       |       |     1 |       |       ||     1
Armor: Robe              |    31 |    42 |    37 |       |       ||   110
       Steam dragon scal |       |       |     8 |   125 |     8 ||   141
Dodge: Dodged            |    35 |    32 |    62 |   166 |    54 ||   349
Block: Kite shield       |    54 |    40 |    72 |   162 |    39 ||   367

Table legend: (Time is in decaauts)
 A = Elapsed time spent in this place.
 B = Non-inter-level travel time spent in this place.
 C = Inter-level travel time spent in this place.
 D = Time resting spent in this place.
 E = Time spent auto-exploring this place.
 F = Levels seen in this place.
 G = Mean time per level.
                   A        B        C        D        E       F      G
               +--------+--------+--------+--------+--------+-----+--------+
         Total |  13141 |  11570 |   1571 |   1423 |   6999 |  17 |  773.0 |
       Dungeon |   9610 |   8280 |   1330 |    822 |   5372 |  10 |  961.0 |
        Temple |    181 |    147 |     34 |      0 |    131 |   1 |  181.0 |
          Lair |   2480 |   2299 |    181 |    558 |   1211 |   3 |  826.7 |
  Orcish Mines |    705 |    679 |     26 |     43 |    284 |   2 |  352.5 |
       Ossuary |    163 |    163 |      0 |      0 |      0 |   1 |  163.0 |
               +--------+--------+--------+--------+--------+-----+--------+

Top non-repeatable levels by time:
     D:4: 1272 daAuts
  Lair:1: 1173 daAuts
     D:8: 1130 daAuts
     D:7: 1123 daAuts
  Lair:2: 1079 daAuts
     D:3: 1064 daAuts
    D:10: 1041 daAuts
     D:5: 983 daAuts
     D:6: 885 daAuts
     D:9: 837 daAuts
     D:2: 695 daAuts
     D:1: 576 daAuts
   Orc:1: 558 daAuts
  Lair:3: 228 daAuts
  Temple: 181 daAuts
